 Dungeon Crawl Stone Soup version 0.28-a0-1128-gb845255321 (webtiles) character file.

Game seed: 17795543043509821324

0 LadyOphelia the Firebug (level 1, -3/18 HPs)
             Began as a Human Cinder Acolyte on Dec 12, 2021.
             Was a High Priest of Ignis.
             Slain by a quokka (4 damage)
             ... on level 1 of the Dungeon.
             The game lasted 00:00:49 (38 turns).

LadyOphelia the Firebug (Human Cinder Acolyte)        Turns: 38, Time: 00:00:49

Health: -3/18      AC:  2    Str: 14    XL:     1   Next: 0%
Magic:  2/2        EV: 11    Int: 14    God:    Ignis [*****.]
Gold:   11         SH:  0    Dex:  8    Spells: 2/2 levels left

rFire   + . .      SeeInvis .   a - -1 spear (flame)
rCold   . . .      Faith    .   (no shield)
rNeg    . . .      Spirit   .   b - +0 robe
rPois   .          Reflect  .   (no helmet)
rElec   .          Harm     .   (no cloak)
rCorr   .          Rampage  .   (no gloves)
Will    .....                   (no boots)
Stlth   +.........              (no amulet)
HPRegen 0.06/turn               (no ring)
MPRegen 0.08/turn               (no ring)

@: no status effects
A: no striking features
a: Renounce Religion, Fiery Armour, Foxfire Swarm, Rising Flame


You were on level 1 of the Dungeon.
You worshipped Ignis.
Ignis was extremely pleased with you.
You visited 1 branch of the dungeon, and saw 1 of its levels.

You collected 11 gold pieces.

Inventory:

Hand Weapons
 a - a -1 spear of flaming (weapon)
Armour
 b - a +0 robe (worn)


   Skills:
 + Level 3.0 Fighting
 + Level 3.0 Polearms
 * Level 1.0 Spellcasting
 + Level 3.0 Fire Magic


You had 2 spell levels left.
You didn't know any spells.
Your spell library contained the following spells:

 Spells                   Type           Power      Damage    Failure   Level
 Scorch                   Fire           18%        2d6       12%         2


Dungeon Overview and Level Annotations

Branches:
Dungeon (1/15)

Altars:


Message History

You barely miss the quokka.
The quokka is almost dead.
The quokka bites you.
You hit the quokka but do no damage.
The quokka is almost dead.
The quokka closely misses you. The quokka barely misses you.
You hit the quokka but do no damage.
The quokka is almost dead.
The quokka misses you. The quokka bites you.
You closely miss the quokka.
The quokka is almost dead.
The quokka barely misses you. The quokka completely misses you.
The quokka bites you but does no damage.
A hobgoblin comes into view.
The quokka closely misses you.
You hit the quokka. You burn the quokka.
The quokka is heavily wounded.
The hobgoblin shouts!
The quokka barely misses you.
You closely miss the quokka.
The quokka is heavily wounded.
The quokka closely misses you. The quokka bites you.
You hit the quokka. You burn the quokka.
The quokka is severely wounded.
The quokka closely misses you. The hobgoblin hits you.
* * * LOW HITPOINT WARNING * * *
The quokka barely misses you. The quokka closely misses you.
You closely miss the quokka.
The quokka is severely wounded.
The quokka closely misses you. The hobgoblin barely misses you.
The quokka barely misses you.
You closely miss the quokka.
The quokka is severely wounded.
The quokka closely misses you. The hobgoblin hits you.
* * * LOW HITPOINT WARNING * * *
The quokka barely misses you.
You hit the quokka. You burn the quokka.
You kill the quokka!
The quokka bites you.
You die...

.. #..# ...
#..# .... #..#
....##..#
........#
........#+###+#
...#....#r....#
.........†@..#
...######.#g.#
##...#'#..#
#.....##...#
#.....# ⌠....
#.....###.....
##...#'# ......
#####.####....
#.............


You could see a quokka and a hobgoblin.

Vanquished Creatures
  A quokka (D:1)
1 creature vanquished.

Notes
Turn   | Place    | Note
-------+----------+-------------------------------------------
     0 | D:1      | LadyOphelia the Human Cinder Acolyte began the quest for
                  | the Orb.
     0 | D:1      | Reached XP level 1. HP: 18/18 MP: 2/2
    38 | D:1      | Slain by a quokka

Illustrated notes

Levels and vault maps discovered:
D:1:      noname_arrival_rooms_in_the_neighbourhood, layout_rooms,
          hellmonk_ecumenical_altar_arch_garden

Action                   || total
-------------------------++-------
Melee: Spear             ||    11
Armor: Robe              ||     1
Dodge: Dodged            ||    16

Table legend: (Time is in decaauts)
 A = Elapsed time spent in this place.
 B = Non-inter-level travel time spent in this place.
 C = Inter-level travel time spent in this place.
 D = Time resting spent in this place.
 E = Time spent auto-exploring this place.
 F = Levels seen in this place.
 G = Mean time per level.
                   A        B        C        D        E       F      G
               +--------+--------+--------+--------+--------+-----+--------+
         Total |     37 |     37 |      0 |      0 |     18 |   1 |   37.0 |
       Dungeon |     37 |     37 |      0 |      0 |     18 |   1 |   37.0 |
               +--------+--------+--------+--------+--------+-----+--------+

Top non-repeatable levels by time:
     D:1: 37 daAuts
